 Dungeon Crawl Stone Soup version 0.19-a0-929-g333bac9 (webtiles) character file.

42 Etesian the Skirmisher (level 3, 0/33 HPs)
             Began as a Draconian Fighter on July 7, 2016.
             Slain by Terence
             ... wielding a +0 flail
              (7 damage)
             ... on level 3 of the Dungeon.
             The game lasted 00:03:15 (1509 turns).

Etesian the Skirmisher (Draconian Fighter)          Turns: 1509, Time: 00:03:16

Health: 0/33       AC:  6    Str: 18    XL:     3   Next: 35%
Magic:  3/3        EV:  9    Int:  8    God:
Gold:   121        SH:  0    Dex: 11    Spells: 0 memorised, 2 levels left

rFire  . . .     SeeInvis .       - Unarmed
rCold  . . .     Gourm    .     (armour unavailable)
rNeg   . . .     Faith    .     a - +0 shield
rPois  .         Spirit   .     (helmet restricted)
rElec  .         Dismiss  .     (no cloak)
rCorr  .         Reflect  .     (no gloves)
SustAt .         Harm     .     d - +0 pair of boots
MR     .....                    (no amulet)
Stlth  +.........               (no ring)
                                (no ring)

@: confused, heavily drained, not resistant to hostile enchantments, very
unstealthy
A: unfitting armour, cold-blooded, AC +5
a: no special abilities


You were on level 3 of the Dungeon.
You were not hungry.

You visited 1 branch of the dungeon, and saw 3 of its levels.

You collected 121 gold pieces.

Inventory:

Armour
 a - a +0 shield (worn)
 d - a +0 pair of boots (worn)
Jewellery
 j - a +5 ring of protection {unknown}
Scrolls
 e - 2 scrolls of identify
 f - 2 scrolls of remove curse
 g - 2 scrolls of teleportation
 k - a scroll of amnesia {unknown}
Potions
 b - a potion of might
Comestibles
 c - 2 bread rations
 h - a beef jerky
 i - 4 chunks of flesh


   Skills:
 + Level 3.8(2.2) Fighting
 + Level 3.0(1.4) Dodging
 + Level 3.2(1.6) Shields
 * Level 2.7(1.1) Unarmed Combat


You had 2 spell levels left.
You didn't know any spells.

Dungeon Overview and Level Annotations

Branches:
Dungeon (2/15)

Altars:
Vehumet

Annotations:
D:3 Ijyb, Sigmund, Terence


Innate Abilities, Weirdness & Mutations

Your plain brown scales are hard. (AC +5)
Your body does not fit into most forms of armour.
You are cold-blooded and may be slowed by cold attacks.


Message History

You hear some strange, mumbled words.
You are confused.
The adder bites you. The orc closely misses you.
The orc hits you but does no damage.
You take 3 damage, and have 12/33 hp.
You bump into the rock wall.
The orc hits you but does no damage. The adder bites you but does no damage.
Something hits you but does no damage. The orc hits you with a falchion.
* * * LOW HITPOINT WARNING * * *
Terence completely misses you. The orc barely misses you.
The orc hits you but does no damage.
You take 3 damage, and have 9/33 hp.
You completely miss something. The adder barely misses you.
The orc closely misses you.
A magic dart appears from out of thin air!
The magic dart hits something.
Something hits you.
* * * LOW HITPOINT WARNING * * *
The orc barely misses you. The orc closely misses you.
Terence hits you with a flail!
You die...

#.... ........%...
#g#....#####.##........
........oo.............
#..%......o............
###.....##.o##.........
#####................
#.....###oo......
##.#..oo#So......
...(..g{@@b......
........ooo.#.....
..........?..#....#
........+#.#.# ####
+#'#.#. .#... #. . #
##.. . . ... .# #.##


You could see Ijyb, Terence, an adder, 8 orcs and a bat.

Vanquished Creatures
  An ooze (D:1)
  A worm (D:2)
  2 goblins
  3 hobgoblins
  4 jackals (D:1)
  A quokka (D:2)
  5 bats
  2 giant newts
  7 kobolds
  6 rats
32 creatures vanquished.

Notes
Turn   | Place    | Note
-------+----------+-------------------------------------------
     0 | D:1      | Etesian the Draconian Fighter began the quest for the Orb.
     0 | D:1      | Reached XP level 1. HP: 19/19 MP: 1/1
   201 | D:1      | Reached XP level 2. HP: 16/26 MP: 2/2
   838 | D:2      | Reached XP level 3. HP: 21/33 MP: 3/3
  1058 | D:2      | Found a radiant altar of Vehumet.
  1491 | D:2      | You fall through a shaft!
  1493 | D:3      | Noticed Ijyb
  1496 | D:3      | Noticed Sigmund
  1497 | D:3      | Noticed Terence
  1509 | D:3      | Slain by Terence

Vault maps used:
D:1:      dpeg_arrival_windows_large_door
D:2:      vehumet_crystals, nrook_uturn
D:3:      nicolae_overflow_crystal_walls, first_bread, uniq_robin, uniq_sigmund,
          uniq_iyjb, uniq_terence

Skill      XL: |  1  2  3 |
---------------+----------+-----
Dodging        | 3 |  3.0
Fighting       | |  3.8
Shields        | |  3.2
Unarmed Combat | |  2.7

Action                   || total
-------------------------++-------
Melee: Unarmed           ||   146
       Tailslap          ||    14
  Use: Scroll            ||     5
 Stab: Sleeping          ||     1
  Eat: Chunk             ||     2
Armor: Skin              ||    59
Dodge: Dodged            ||    87
Block: Shield            ||    78
